 Dungeon Crawl Stone Soup version 0.29.1 (webtiles) character file.

Game seed: 8356852002768021511

837 Icepheonix32 the Trooper (level 7, -4/99 HPs)
             Began as a Minotaur Fighter on Sept 14, 2022.
             Was a Follower of Makhleb.
             Slain by a gnoll
             ... wielding a +2 vorpal spear
             ... led by a gnoll bouda
              (6 damage)
             ... on level 5 of the Dungeon.
             The game lasted 00:07:30 (4151 turns).

Icepheonix32 the Trooper (Minotaur Fighter)         Turns: 4151, Time: 00:07:30

Health: -4/99      AC: 23    Str: 23    XL:     7   Next: 66%
Magic:  6/6        EV:  2    Int:  5    God:    Makhleb [*.....]
Gold:   119        SH:  0    Dex:  9    Spells: 6/6 levels left

rFire   + . .      SeeInvis .   g - +8 broad axe "Roimp" {speed, rF+ rCorr}
rCold   . . .      Faith    .   q - orb {*Rage}
rNeg    + . .      Spirit   .   (body armour currently unavailable)
rPois   +          Reflect  .   (helmet currently unavailable)
rElec   .          Harm     .   (cloak currently unavailable)
rCorr   +          Rampage  .   (gloves currently unavailable)
Will    .....      Rage     20% (boots currently unavailable)
Stlth   +......... NoTele   +   (no amulet)
HPRegen 0.26/turn               i - ring of positive energy
MPRegen 0.10/turn               (no ring)

@: confused, lethally poisoned (-4 -> -21), tree-form, ambrosia-drunk, weakened,
on berserk cooldown, slowed, very slow
A: stationary, stasis, torment immunity, boosted hp, (horns 2), (retaliatory
headbutt), no potion heal 1, MP-powered wands
a: Renounce Religion


You were on level 5 of the Dungeon.
You worshipped Makhleb.
Makhleb was aware of your devotion.
You were a tree.
You visited 2 branches of the dungeon, and saw 6 of its levels.

You collected 262 gold pieces.
You spent 143 gold pieces at shops.

Inventory:

Hand Weapons
 a - a +1 war axe
 g - the +8 broad axe "Roimp" (weapon) {speed, rF+ rCorr}
   (You acquired it on level 4 of the Dungeon)

   Attacks with this weapon are significantly faster.
   rF:        It protects you from fire.
   rCorr:     It protects you from acid and corrosion.
 j - a +2 flail of draining
Missiles
 z - 3 curare-tipped darts (quivered)
Armour
 b - a +0 scale mail (melded)
 c - a +0 buckler
 q - an orb of wrath (worn)
Jewellery
 i - a ring of positive energy (left branch)
 k - an amulet of guardian spirit
Wands
 m - a wand of mindburst (7)
Scrolls
 h - 4 scrolls of enchant weapon
 o - 2 scrolls of immolation
Potions
 d - 2 potions of might
 s - a potion of berserk rage
 t - 2 potions of flight
 w - a potion of brilliance
 B - a potion of degeneration


   Skills:
 * Level 7.1 Fighting
 - Level 2.3 Long Blades
 * Level 5.2 Axes
 + Level 6.5 Armour
 + Level 2.0 Dodging
 + Level 0.6 Stealth
 - Level 4.1 Shields


You had 6 spell levels left.
You didn't know any spells.
Your spell library contained the following spells:

 Spells                   Type           Power      Damage    Failure   Level
 Necrotise                Necr           0%         1d4       47%         1
 Blink                    Tloc           0%         N/A       63%         2
 Call Canine Familiar     Summ           0%         N/A       85%         3
 Confusing Touch          Hex            0%         N/A       85%         3
 Gell's Gravitas          Tloc           0%         N/A       85%         3
 Portal Projectile        Hex/Tloc       0%         N/A       85%         3
 Vampiric Draining        Necr           0%         2d6       85%         3
 Leda's Liquefaction      Hex/Erth       0%         N/A       99%         4
 Agony                    Necr           0%         N/A       100%        5
 Manifold Assault         Tloc           0%         N/A       100%        5
 Summon Mana Viper        Hex/Summ       0%         N/A       100%        5
 Yara's Violent Unravell  Hex/Tmut       0%         3d3       100%        5
 Dispersal                Tloc           0%         N/A       100%        6
 Enfeeble                 Hex            0%         N/A       100%        7
 Storm Form               Tmut/Air       0%         N/A       100%        7


Dungeon Overview and Level Annotations

Branches:
Dungeon (5/15)             Temple (1/1) D:4

Altars:
Ashenzari
Elyvilon
Fedhas
Hepliaklqana
Kikubaaqudgha
Makhleb
Nemelex Xobeh
Okawaru
Qazlal
Ru
Sif Muna
Trog
Wu Jian
Yredelemnul
Zin

Shops:
D:1 :[

Annotations:
D:5 2 runed translucent doors


Innate Abilities, Weirdness & Mutations

You are a tree.
Your roots penetrate the ground, keeping you stationary.
You cannot be teleported.
You are immune to unholy pain and torment.
Your maximum health is greatly increased.
Your equipment is partially melded.
((You have a pair of horns on your head.))
((You reflexively headbutt those who attack you in melee.))
Potions are less effective at restoring your health.
You expend magic power (3 MP) to strengthen your wands.


Message History

* * * LOW HITPOINT WARNING * * *
The gnoll is no longer moving quickly.
The gnoll hits you from afar with a +2 vorpal spear.
* * * LOW HITPOINT WARNING * * *
x2 The gnoll bouda barks out a call to the hunt!
The gnolls pick up the pace!
The gnoll completely misses you.
Your orc hits the gnoll bouda but does no damage.
The gnoll hits you from afar with a +2 vorpal spear.
* * * LOW HITPOINT WARNING * * *
x2 The gnoll bouda calls upon its god to heal the gnoll.
The gnoll's wounds heal themselves!
The gnoll barely misses you.
Your system partially rejects the healing.
You feel much better. The gnoll hits you but does no damage.
You are poisoned.
The gnoll closely misses you.
Your orc hits the gnoll bouda but does no damage.
The gnoll hits you from afar with a +2 vorpal spear.
* * * LOW HITPOINT WARNING * * *
x2 The gnoll bouda gazes fiercely through you!
You feel your attacks grow feeble.
The gnoll hits you from afar with a +0 halberd!
* * * LOW HITPOINT WARNING * * *
The gnoll closely misses you.
Unknown command.
Really quaff the potion of lignification?
You turn into a tree.
Your +0 scale mail melds into your body.
Your roots penetrate the ground.
You feel very sick.
The gnoll is no longer moving quickly. x2
The gnoll hits you but does no damage. x2
You are lethally poisoned!
The gnoll hits you from afar with a +0 halberd.
* * * LOW HITPOINT WARNING * * *
The gnoll hits you from afar with a +0 halberd.
* * * LOW HITPOINT WARNING * * *
Your orc hits the gnoll with a +0 club.
The gnoll hits you from afar with a +2 vorpal spear.
You die...

............#
...........#
...........#
...........##
.......).)..#
.......og...#
......gg....#
......gg#####
.......g♣##
.....(....#
..........##
......#....##
.##..###....## #..#
##....##
#...##......####.
##................
##.................#


You could see a gnoll bouda, 4 gnolls and a friendly orc (summoned).

Vanquished Creatures
  Grinder (D:3)
  An ogre (D:5)
  3 scorpions (D:4)
  A hound (D:5)
  A gnoll bouda (D:5)
  Natasha (thrice) (D:2)
  Robin (D:3)
  10 gnolls
  5 adders
  A dart slug (D:1)
  5 orcs
  7 ball pythons
  4 bats
  2 endoplasms
  2 giant cockroaches
  13 goblins
  18 hobgoblins
  4 jackals
  5 quokkas
  A frilled lizard (D:2)
  5 kobolds
  3 rats
96 creatures vanquished.

Vanquished Creatures (others)
  A fungus (D:1)
  5 toadstools (D:1)
6 creatures vanquished.

Grand Total: 102 creatures vanquished

Notes
Turn   | Place    | Note
-------+----------+-------------------------------------------
     0 | D:1      | Icepheonix32 the Minotaur Fighter began the quest for the
                  | Orb.
     0 | D:1      | Reached XP level 1. HP: 19/19 MP: 0/0
   103 | D:1      | Found Ynkux's Armour Boutique.
   248 | D:1      | Reached XP level 2. HP: 27/27 MP: 1/1
   400 | D:1      | Reached skill level 4 in Fighting
   517 | D:1      | Found a faded altar of an unknown god.
   533 | D:1      | Found Teireren's Book Shoppe.
   875 | D:2      | Reached XP level 3. HP: 33/33 MP: 2/2
  1014 | D:2      | Noticed Natasha
  1027 | D:2      | Killed Natasha
  1155 | D:2      | Reached XP level 4. HP: 40/40 MP: 3/3
  1298 | D:2      | Noticed Natasha
  1307 | D:2      | Killed Natasha
  1308 | D:2      | Reached skill level 1 in Dodging
  1466 | D:2      | Noticed Natasha
  1469 | D:2      | Killed Natasha
  1503 | D:1      | Bought an orb of wrath for 143 gold pieces
  1843 | D:3      | Reached XP level 5. HP: 47/47 MP: 4/4
  1875 | D:3      | Noticed Robin
  1903 | D:3      | Killed Robin
  1904 | D:3      | Reached skill level 5 in Fighting
  2370 | D:3      | Noticed Grinder
  2383 | D:3      | Paralysed by Grinder for 2 turns
  2387 | D:3      | Killed Grinder
  2388 | D:3      | Reached skill level 6 in Fighting
  2388 | D:3      | Reached skill level 1 in Long Blades
  2388 | D:3      | Reached skill level 5 in Armour
  2388 | D:3      | Reached XP level 6. HP: 38/58 MP: 5/5
  2932 | D:4      | Found a staircase to the Ecumenical Temple.
  2948 | Temple   | Entered the Ecumenical Temple
  3034 | Temple   | Became a worshipper of Makhleb the Destroyer
  3204 | D:4      | Got Zohizuh's Octavo of Twisted Jinxing
  3433 | D:4      | Reached XP level 7. HP: 64/64 MP: 6/6
  3831 | D:4      | Identified a scroll of acquirement
  3831 | D:4      | Acquired the +8 broad axe "Roimp" {speed, rF+ rCorr}
  3835 | D:4      | Gained mutation: You are frail. (-10% HP) [potion of
                  | mutation]
  3835 | D:4      | Gained mutation: You do not regenerate when monsters are
                  | visible. [potion of mutation]
  3835 | D:4      | Gained mutation: Your system is resistant to poisons.
                  | (rPois) [potion of mutation]
  3836 | D:4      | Lost mutation: Your system is resistant to poisons. (rPois)
                  | [potion of mutation]
  3836 | D:4      | Lost mutation: You are frail. (-10% HP) [potion of
                  | mutation]
  3836 | D:4      | Lost mutation: You do not regenerate when monsters are
                  | visible. [potion of mutation]
  3836 | D:4      | Gained mutation: You expend magic power (3 MP) to
                  | strengthen your wands. [potion of mutation]
  3836 | D:4      | Gained mutation: Potions are less effective at restoring
                  | your health. [potion of mutation]
  3943 | D:5      | Entered Level 5 of the Dungeon
  3978 | D:5      | Found a large runed translucent door.
  3978 | D:5      | Found a large runed translucent door.
  4030 | D:5      | Reached skill level 7 in Fighting
  4134 | D:5      | Reached skill level 5 in Axes
  4140 | D:5      | Reached * piety under Makhleb
  4151 | D:5      | HP: 2/99 [gnoll/+0 halberd[a gnoll bouda] (6)]
  4151 | D:5      | Slain by a gnoll

Illustrated notes

Levels and vault maps discovered:
D:1:      ldierk_walled_garden, layout_loops_ring,
          dreamdust_ecumenical_altar_grove, serial_shops, shop_coins,
          nicolae_shop_competitors_out_of_business
D:2:      layout_basic, grunt_ministairs_1, minmay_quadrilaterals, uniq_natasha
D:3:      layout_basic, uniq_grinder, uniq_robin
D:4:      kennysheep_spiral_hall, layout_basic, minmay_temple_entry_mist,
          st_stairs_4
D:5:      layout_layer_cave, minmay_hollow_rounded_squares
Temple:   eino_wide_crystal_templ

Skill      XL: |  1  2  3  4  5  6  7 |
---------------+----------------------+-----
Armour         | 4 5 6 |  6.5
Fighting       | 4 6 7 |  7.1
Axes           | 3 4 5 |  5.2
Shields        | 4 |  4.1
Dodging        | 1 2 |  2.0
Long Blades    | 1 2 |  2.3
Stealth        | |  0.6

Action                   |  1- 3 |  4- 6 |  7- 9 || total
-------------------------+-------+-------+-------++-------
Melee: War axe           |    79 |    58 |       ||   137
       Headbutt          |    11 |    11 |     4 ||    26
       Falchion          |       |    37 |    10 ||    47
       Broad axe         |       |       |    17 ||    17
Throw: Dart              |       |       |     2 ||     2
  Use: Scroll            |     1 |       |    12 ||    13
       Potion            |       |     1 |     8 ||     9
Armor: Scale mail        |    37 |    53 |    13 ||   103
       Skin              |       |       |     2 ||     2
Dodge: Dodged            |    39 |    51 |    26 ||   116
Block: Buckler           |    18 |     4 |       ||    22
